 Dungeon Crawl Stone Soup version 0.20.1-1-g8b1a95d (webtiles) character file.

77 Peacelily the Chopper (level 4, 0/61 HPs)
             Began as a Minotaur Berserker on Nov 7, 2017.
             Was a Believer of Trog.
             Slain by soepske's ghost (4 damage)
             ... on level 3 of the Dungeon.
             The game lasted 00:19:53 (2642 turns).

Peacelily the Chopper (Minotaur Berserker)          Turns: 2642, Time: 00:19:53

Health: 0/61       AC:  5    Str: 27    XL:     4   Next: 14%
Magic:  3/3        EV: 12    Int:  5    God:    Trog [**....]
Gold:   133        SH:  0    Dex:  9    Spells: 3/3 levels left

rFire    . . .     SeeInvis .   a - +0 hand axe
rCold    . . .     Gourm    .   (no shield)
rNeg     + . .     Faith    .   u - +2 leather armour {rN+}
rPois    .         Spirit   .   (helmet restricted)
rElec    .         Reflect  .   (no cloak)
rCorr    .         Harm     .   (no gloves)
MR       .....                  (no boots)
Stlth    ..........             (no amulet)
Regen    0.2/turn               (no ring)
MPRegen  0.1/turn               (no ring)

@: berserking, very quick
A: retaliatory headbutt, horns 2
a: Berserk, Trog's Hand, Burn Spellbooks, Renounce Religion


You were on level 3 of the Dungeon.
You worshipped Trog.
Trog was pleased with you.
You were hungry.

You visited 1 branch of the dungeon, and saw 3 of its levels.

You collected 133 gold pieces.

Inventory:

Hand Weapons
 a - a +0 hand axe (weapon)
 n - a +0 hunting sling
Missiles
 j - 55 stones (quivered)
Armour
 b - a +0 animal skin
 f - a +0 leather armour
 g - a +0 scale mail
 u - a +2 leather armour of positive energy (worn)
Jewellery
 x - an uncursed amulet of faith {unknown}
Wands
 t - a wand of confusion (34/48)
Scrolls
 d - 2 scrolls of recharging {unknown}
 e - 3 scrolls of identify {unknown}
 k - 2 scrolls of remove curse {unknown}
 l - 3 scrolls of teleportation {unknown}
 q - a scroll of magic mapping {unknown}
 r - a scroll of blinking {unknown}
 s - a scroll of enchant weapon {unknown}
 v - a scroll of immolation {unknown}
Potions
 h - a potion of haste {unknown}
 m - a potion of flight {unknown}
 p - a potion of agility {unknown}
 w - a potion of curing {unknown}
Comestibles
 c - 2 bread rations
 i - 3 royal jellies
 o - 3 chunks of flesh


   Skills:
 + Level 4.4 Fighting
 + Level 4.6 Axes
 + Level 3.5 Armour
 - Level 2.4 Dodging
 - Level 0.1 Stealth


You had 3 spell levels left.
You didn't know any spells.

Dungeon Overview and Level Annotations

Branches:
Dungeon (3/15)

Altars:
Nemelex Xobeh
Okawaru

Annotations:
D:3 soepske's ghost, amateur DsIE


Innate Abilities, Weirdness & Mutations

You reflexively headbutt those who attack you in melee.
You have a pair of horns on your head.


Message History

Soepske's ghost hits you but does no damage.
You are too injured to fight recklessly!
You are too injured to fight recklessly!
You are too injured to fight recklessly!
You are too injured to fight recklessly!
You slash soepske's ghost!
Soepske's ghost is moderately damaged.
Soepske's ghost points at you and mumbles some strange words.
You are frozen.
* * * LOW HITPOINT WARNING * * *
A red film seems to cover your vision as you go berserk!
You feel yourself moving faster!
You feel mighty!
You are feeling hungry.
Soepske's ghost hits you but does no damage.
You hit soepske's ghost.
Soepske's ghost is moderately damaged.
You closely miss soepske's ghost. You headbutt soepske's ghost!
Soepske's ghost is severely damaged.
Soepske's ghost hits you.
You die...

##### ...## ######...#
#........###########
#......#.?.......#####
#.#....#.#######.#....
#.#..........#####...###
#......@†.[..........#
#..####W#..#.#####.#.#
#. #.........# #####
#.##.#....... ..
#.#..#.### # ## #.#W##.#
. ..#.# .# .. ###.# ..
#.#.##


You could see soepske's ghost.

Vanquished Creatures
  2 gnolls
  A worm (D:2)
  3 dart slugs
  A leopard gecko (D:3)
  8 bats
  2 giant cockroaches
  5 goblins
  7 hobgoblins
  2 jackals (D:1)
  5 kobolds
  A quokka (D:3)
  A ball python (D:2)
  4 frilled lizards
  6 rats
  A fungus (D:1)
49 creatures vanquished.

Notes
Turn   | Place    | Note
-------+----------+-------------------------------------------
     0 | D:1      | Peacelily the Minotaur Berserker began the quest for the Orb.
     0 | D:1      | Reached XP level 1. HP: 19/19 MP: 0/0
   239 | D:1      | Reached XP level 2. HP: 27/27 MP: 1/1
   535 | D:1      | Reached XP level 3. HP: 33/33 MP: 2/2
  1013 | D:2      | Found an iron altar of Okawaru.
  1024 | D:2      | Reached ** piety under Trog
  1598 | D:2      | You fall through a shaft!
  2234 | D:2      | Reached XP level 4. HP: 35/41 MP: 3/3
  2436 | D:3      | Found a sparkling altar of Nemelex Xobeh.
  2628 | D:3      | Noticed soepske's ghost (amateur DsIE)
  2642 | D:3      | Slain by soepske's ghost

Skill      XL: |  1  2  3 |
---------------+----------+-----
Fighting       | 4 |  4.4
Axes           | 4 |  4.6
Armour         | 3 |  3.5
Dodging        | |  2.4
Stealth        | |  0.1

Action                   |  1- 3 |  4- 6 || total
-------------------------+-------+-------++-------
Melee: Hand axe          |    75 |    19 ||    94
       Headbutt          |    18 |     3 ||    21
Invok: Berserk           |     1 |     1 ||     2
  Eat: Chunk             |     5 |     1 ||     6
Armor: Scale mail        |    21 |       ||    21
       Leather armour    |     3 |    10 ||    13
Dodge: Dodged            |    37 |    17 ||    54
